 Dungeon Crawl Stone Soup version 0.26-a0-1139-g7d2dc893a1 (webtiles) character file.

Game seed: 7546270210867254137

36 Hipnos the Conjurer (level 3, 0/20 HPs)
             Began as a Deep Elf Conjurer on Dec 21, 2020.
             Succumbed to a scorpion's poison
             ... on level 2 of the Dungeon.
             The game lasted 00:03:58 (1830 turns).

Hipnos the Conjurer (Deep Elf Conjurer)             Turns: 1830, Time: 00:03:59

Health: 0/20       AC: 11    Str:  3 (4)  XL:     3   Next: 19%
Magic:  9/9        EV: -3    Int: 22 (23) God:
Gold:   37         SH:  0    Dex: 12 (13) Spells: 7/8 levels left

rFire    . . .     SeeInvis .   d - +2 dagger (speed)
rCold    . . .     Faith    .   (no shield)
rNeg     . . .     Spirit   .   j - +3 chain mail
rPois    .         Reflect  .   (no helmet)
rElec    .         Harm     .   (no cloak)
rCorr    .         Rampage  .   (no gloves)
Will     .....                  (no boots)
Stlth    ..........             (no amulet)
HPRegen  0.06/turn              (no ring)
MPRegen  0.11/turn              (no ring)

@: lethally poisoned (0 -> -13), hasted, very quick
A: no striking features
a: no special abilities


You were on level 2 of the Dungeon.
You visited 1 branch of the dungeon, and saw 2 of its levels.

You collected 37 gold pieces.

Inventory:

Hand Weapons
 d - a +2 dagger of speed (weapon)
Armour
 a - a +0 robe
 g - a +0 ring mail
 i - a +0 leather armour
 j - a +3 chain mail (worn)
Jewellery
 b - a +6 ring of intelligence {unknown}
 f - an uncursed amulet of faith {unknown}
Potions
 h - a potion of degeneration


   Skills:
 * Level 0.4 Fighting
 * Level 0.5 Armour
 + Level 2.4 Dodging
 - Level 2.4 Stealth
 + Level 3.3 Spellcasting
 * Level 5.2 Conjurations


You had 7 spell levels left.
You knew the following spells:

 Your Spells              Type           Power        Failure   Level
a - Magic Dart            Conj           100%         100%        1

Your spell library contained the following spells:

 Spells                   Type           Power        Failure   Level
 Searing Ray              Conj           52%          100%        2
 Dazzling Flash           Conj/Hex       30%          100%        3
 Fulminant Prism          Conj/Hex       7%           100%        4
 Iskenderun's Mystic Bla  Conj/Tloc      15%          100%        4


Dungeon Overview and Level Annotations

Branches:
Dungeon (2/15)

Altars:


Message History

* * * LOW HITPOINT WARNING * * *
You feel sick.
The scorpion stings you but does no damage.
It was a potion of haste.
You feel yourself speed up.
* * * LOW HITPOINT WARNING * * *
You feel sick.
The scorpion stings you but does no damage.
As you read the scroll labelled XIAT QAXKIOMPE, it crumbles to dust.
You feel strangely unstable.
It was a scroll of teleportation.
* * * LOW HITPOINT WARNING * * *
You feel sick.
The scorpion stings you but does no damage.
* * * LOW HITPOINT WARNING * * *
You feel sick.
* * * LOW HITPOINT WARNING * * *
You feel sick.
* * * LOW HITPOINT WARNING * * *
You feel sick.
Your surroundings suddenly seem different.
You die...

.. ###
. ..#
. #.#
#. #.#
#.##.#
....#
#..#
#(@#
#..#
....#
###.##
#. ..
##


There were no monsters in sight!

Vanquished Creatures
  A leopard gecko (D:2)
  3 bats
  A giant cockroach (D:2)
  6 hobgoblins
  5 jackals
  A quokka (D:2)
  A ball python (D:1)
  A frilled lizard (D:2)
  3 goblins
  5 kobolds
  3 rats
30 creatures vanquished.

Notes
Turn   | Place    | Note
-------+----------+-------------------------------------------
     0 | D:1      | Hipnos the Deep Elf Conjurer began the quest for the Orb.
     0 | D:1      | Reached XP level 1. HP: 10/10 MP: 6/6
   290 | D:1      | Reached XP level 2. HP: 15/15 MP: 6/8
   837 | D:1      | Reached skill level 5 in Conjurations
  1614 | D:2      | Reached XP level 3. HP: 18/19 MP: 9/9
  1815 | D:2      | Noticed a scorpion
  1828 | D:2      | HP: 1/20 [poisoned by a scorpion]
  1830 | D:2      | Succumbed to a scorpion's poison

Illustrated notes

Levels and vault maps discovered:
D:1:      lightli_arrival_flooded_house, layout_loops_corners
D:2:      layout_loops_corners

Skill      XL: |  1  2 |
---------------+-------+-----
Conjurations   | 5 |  5.2
Fighting       | |  0.4
Armour         | |  0.5
Dodging        | |  2.4
Stealth        | |  2.4
Spellcasting   | |  3.3

Action                   || total
-------------------------++-------
Melee: Dagger            ||    81
 Cast: Magic Dart        ||    33
  Use: Potion            ||     2
       Scroll            ||     1
Armor: Chain mail        ||    75
       Robe              ||     2
Dodge: Dodged            ||    12

Table legend: (Time is in decaauts)
 A = Elapsed time spent in this place.
 B = Non-inter-level travel time spent in this place.
 C = Inter-level travel time spent in this place.
 D = Time resting spent in this place.
 E = Time spent auto-exploring this place.
 F = Levels seen in this place.
 G = Mean time per level.
                   A        B        C        D        E       F      G
               +--------+--------+--------+--------+--------+-----+--------+
         Total |   1800 |   1746 |     54 |    200 |   1293 |   2 |  900.0 |
       Dungeon |   1800 |   1746 |     54 |    200 |   1293 |   2 |  900.0 |
               +--------+--------+--------+--------+--------+-----+--------+

Top non-repeatable levels by time:
     D:1: 1063 daAuts
     D:2: 736 daAuts
